 Dungeon Crawl Stone Soup version 0.25-a0-565-g8875c97ebb (webtiles) character file.

Game seed: 4232949310073482823, levelgen mode: deterministic

16536 Roikka the Summoner (level 12, 0/122 HPs)
             Began as a Troll Summoner on Feb 20, 2020.
             Was a High Priest of Qazlal.
             Slain by a five-headed hydra (2 damage)
             ... on level 2 of the Lair of Beasts on Feb 26, 2020.
             The game lasted 00:57:41 (12683 turns).

Roikka the Summoner (Troll Summoner)               Turns: 12683, Time: 00:57:42

Health: 0/122      AC:  9    Str: 19    XL:     12   Next: 10%
Magic:  27/30      EV: 11    Int: 15    God:    Qazlal [*****.]
Gold:   766        SH:  6    Dex: 10    Spells: 14/24 levels left

rFire    + . .     SeeInvis .   N - +2 flail (flame)
rCold    . . .     Gourm    +   (no shield)
rNeg     . . .     Faith    .   M - +0 robe {rF+}
rPois    .         Spirit   .   (helmet restricted)
rElec    .         Reflect  .   (no cloak)
rCorr    .         Harm     .   (gloves unavailable)
MR       +....                  (boots unavailable)
Stlth    +.........             B - amulet of Vitality {Regen+ HP+15}
HPRegen  1.10/turn              t - ring of protection from magic
MPRegen  0.22/turn              C - ring of magical power

@: protected from physical damage, repel missiles
A: large, unfitting armour, claws 3, fast metabolism 3, gourmand, regeneration
1, shaggy fur 1, tough skin 3
a: Upheaval, Elemental Force, Disaster Area, Renounce Religion


You were on level 2 of the Lair of Beasts.
You worshipped Qazlal.
Qazlal was extremely pleased with you.
You were full.

You visited 2 branches of the dungeon, and saw 13 of its levels.
You also visited: Volcano.

You collected 766 gold pieces.

Inventory:

Hand Weapons
 N - a +2 flail of flaming (weapon)
Missiles
 k - 2 throwing nets (quivered)
Armour
 n - a +1 animal skin
 M - a +0 robe of fire resistance (worn)
Jewellery
 q - an uncursed amulet of magic regeneration
 t - a ring of protection from magic (left claw)
 w - an uncursed ring of protection from cold
 z - an uncursed ring of resist corrosion
 B - the amulet of Vitality (around neck) {Regen+ HP+15}
   (You found it on level 10 of the Dungeon)

   [amulet of regeneration]

   It affects your health (+15).
   It increases your rate of regeneration.
 C - a ring of magical power (right claw)
 H - a +3 amulet of reflection
Wands
 l - a wand of clouds (5)
 m - a wand of digging (4)
 y - a wand of acid (6)
 A - a wand of scattershot (1)
 I - a wand of iceblast (6)
Scrolls
 d - 8 scrolls of identify
 f - 3 scrolls of fog
 g - 3 scrolls of remove curse
 i - 2 scrolls of enchant weapon
 r - 9 scrolls of teleportation
 v - 4 scrolls of blinking
 x - 3 scrolls of fear
 E - 2 scrolls of enchant armour
 F - 2 scrolls of silence
Potions
 a - 2 potions of might {unknown}
 b - a potion of cancellation {unknown}
 e - 6 potions of curing
 h - 3 potions of lignification {unknown}
 j - a potion of haste {unknown}
 o - 2 potions of degeneration {unknown}
 p - 3 potions of invisibility {unknown}
 s - a potion of stabbing {unknown}
 u - 3 potions of heal wounds
 D - a potion of magic {unknown}
 G - a potion of flight {unknown}
 L - a potion of berserk rage {unknown}
Miscellaneous
 J - a fan of gales
 K - a lamp of fire
Comestibles
 c - 21 rations


   Skills:
 - Level 4.0 Fighting
 + Level 4.8 Dodging
 - Level 1.0 Stealth
 + Level 7.3 Unarmed Combat
 * Level 6.8 Spellcasting
 * Level 8.2 Summonings
 * Level 6.4 Air Magic


You had 14 spell levels left.
You knew the following spells:

 Your Spells              Type           Power        Failure   Level  Hunger
a - Summon Small Mammal   Summ           ####         1%          1    None
b - Call Imp              Summ           ####....     1%          2    None
c - Summon Lightning Spi  Summ/Air       ####....     7%          4    ####...
d - Call Canine Familiar  Summ           ####....     1%          3    ##.....

Your spell library contained the following spells:

 Spells                   Type           Power        Failure   Level  Hunger
 Shock                    Conj/Air       ##..         3%          1    None
 Poisonous Vapours        Pois/Air       ##....       5%          2    None
 Swiftness                Chrm/Air       ##......     5%          2    None
 Summon Guardian Golem    Hex/Summ       ###.....     8%          3    ##.....
 Airstrike                Air            ###.......   10%         4    ####...
 Static Discharge         Conj/Air       ##......     11%         3    ##.....
 Sting                    Tmut/Pois      #...         14%         1    None
 Mephitic Cloud           Conj/Pois/Air  ##......     17%         3    ##.....
 Summon Ice Beast         Ice/Summ       ###.....     24%         4    ####...
 Ignite Poison            Fire/Tmut/Pois #.......     38%         3    ##.....
 Lightning Bolt           Conj/Air       ##........   69%         5    #####..
 Olgreb's Toxic Radiance  Pois           #.......     80%         4    ####...


Dungeon Overview and Level Annotations

Branches:
Dungeon (11/15)            Temple (0/1) D:5            Lair (2/6) D:9
    Orc (0/2) D:9         Volcano (visited)
  Swamp: Lair:2-4    Shoals: Lair:2-4     Snake: Lair:2-4    Spider: Lair:2-4

Altars:
Cheibriados
Gozag
Hepliaklqana
Nemelex Xobeh
Qazlal
Vehumet
Xom
Yredelemnul


Innate Abilities, Weirdness & Mutations

You are too large for most types of armour.
You have claws for hands.
Your metabolism is lightning-fast.
You like to eat raw meat.
Your natural rate of healing is unusually fast.
You are covered in fur. (AC +1)
You have extremely tough skin. (AC +3)


Message History

You barely miss the five-headed hydra.
The five-headed hydra is moderately wounded.
The five-headed hydra barely misses you.
The five-headed hydra bites you!
* * * LOW HITPOINT WARNING * * *
You feel more protected from physical attacks.
The five-headed hydra bites you!
* * * LOW HITPOINT WARNING * * *
You feel more protected from physical attacks.
You block the five-headed hydra's attack.
The five-headed hydra bites you!!
* * * LOW HITPOINT WARNING * * *
Your lightning spire is engulfed in freezing vapours.
The five-headed hydra bites you.
* * * LOW HITPOINT WARNING * * *
The five-headed hydra closely misses you.
The five-headed hydra bites you but does no damage.
The five-headed hydra barely misses you.
The five-headed hydra bites you.
You die...

## #.
#######D###
.....°○@.##
.+...○8...#
#......§##
#.......#
##.......#
#........#
##.+##..##
##..####
##..P##


You could see a five-headed hydra and a friendly lightning spire.

Vanquished Creatures
  5 two-headed ogres
  An ogre mage (Volcano)
  An unseen horror (D:11)
  An ugly thing (D:9)
  A molten gargoyle (Volcano)
  A black mamba (Lair:1)
  A gargoyle (Volcano)
  3 centaur skeletons
  A rime drake (Lair:2)
  A komodo dragon (Lair:1)
  3 hippogriffs
  A shadow (D:11)
  A wyvern (D:8)
  13 yaks
  2 fire bats (Volcano)
  2 hogs (D:7)
  A human (D:7)
  A basilisk (D:9)
  A swamp worm (D:8)
  2 water moccasins (Lair:1)
  2 hell hounds (Lair:1)
  3 porcupines
  A black bear (D:10)
  2 orc warriors (D:11)
  2 phantoms
  5 sky beasts
  3 ice beasts
  4 ogres
  4 crocodiles
  3 big kobolds
  2 centaurs
  Blork the orc (D:5)
  12 bullfrogs
  A wyvern zombie (D:8)
  4 scorpions
  3 wights (D:11)
  4 killer bees (D:11)
  4 crimson imps
  A howler monkey (D:6)
  6 lava snakes (Volcano)
  2 bullfrog zombies (D:6)
  3 bullfrog skeletons
  6 hounds
  8 orc priests
  3 jellies
  An iguana (D:7)
  Ijyb (D:3)
  10 orc wizards
  7 worker ants
  A mummy (D:6)
  A worker ant zombie (D:6)
  11 adders
  4 gnolls (D:6)
  A howler monkey skeleton (D:6)
  2 shadow imps
  2 oozes
  An adder zombie (D:5)
  4 worms
  2 dart slugs (D:1)
  8 leopard geckos
  43 orcs
  2 ball pythons
  11 bats
  6 giant cockroaches
  7 goblins
  8 hobgoblins
  3 jackals (D:6)
  16 kobolds
  2 quokkas
  2 frilled lizards
  2 hobgoblin zombies (D:6)
  A leopard gecko skeleton (D:4)
  2 orc zombies (D:6)
  3 rats
296 creatures vanquished.

Vanquished Creatures (collateral kills)
  A two-headed ogre (D:10)
  A hell knight (Volcano)
  A hippogriff (D:9)
  A yak (D:9)
  2 hogs (D:7)
  2 swamp worms (D:9)
  2 orc warriors
  An ice beast (D:8)
  A black bear (D:10)
  An ogre (D:11)
  2 killer bees (D:11)
  A wight (D:11)
  A crimson imp (D:9)
  A jelly (D:5)
  An orc wizard (D:11)
  A worker ant (D:5)
  Robin (D:2)
  An adder (D:2)
  A worm (D:2)
  2 orcs
  6 goblins (D:2)
  A hobgoblin (D:2)
  3 kobolds (D:7)
  A quokka (D:5)
36 creatures vanquished.

Vanquished Creatures (others)
  An orc wizard (D:11)
  A howler monkey zombie (D:8)
  2 fungi (D:9)
  3 plants (D:9)
7 creatures vanquished.

Grand Total: 339 creatures vanquished

Notes
Turn   | Place    | Note
-------+----------+-------------------------------------------
     0 | D:1      | Roikka the Troll Summoner began the quest for the Orb.
     0 | D:1      | Reached XP level 1. HP: 16/16 MP: 1/1
     7 | D:1      | Reached skill level 3 in Summonings
    56 | D:1      | Reached XP level 2. HP: 24/24 MP: 3/3
    68 | D:1      | Learned a level 2 spell: Call Imp
   397 | D:1      | Reached skill level 1 in Unarmed Combat
   397 | D:1      | Reached XP level 3. HP: 21/31 MP: 4/4
   586 | D:2      | Found a sparkling altar of Nemelex Xobeh.
   586 | D:2      | Noticed Robin
   635 | D:2      | Killed Robin
   841 | D:2      | Reached XP level 4. HP: 36/39 MP: 5/5
   893 | D:2      | Upgraded the game from 0.25-a0-544-gee0576305d to
                  | 0.25-a0-549-g6e6e6501ad
  1708 | D:3      | Found a stormy altar of Qazlal.
  1718 | D:3      | Became a worshipper of Qazlal Stormbringer
  1739 | D:3      | Noticed Ijyb
  1762 | D:3      | Killed Ijyb
  1762 | D:3      | Reached XP level 5. HP: 45/45 MP: 7/7
  2833 | D:5      | Entered Level 5 of the Dungeon
  2833 | D:5      | Noticed Blork the orc
  2841 | D:5      | Killed Blork the orc
  2841 | D:5      | Reached XP level 6. HP: 44/53 MP: 8/8
  2847 | D:5      | Learned a level 4 spell: Summon Lightning Spire
  3035 | D:5      | Reached skill level 4 in Summonings
  3118 | D:5      | Got a translucent ring mail
  3286 | D:5      | Reached XP level 7. HP: 19/59 MP: 10/10
  3410 | D:5      | Reached skill level 1 in Air Magic
  3412 | D:5      | Found a staircase to the Ecumenical Temple.
  3511 | D:5      | Reached skill level 1 in Fighting
  3545 | D:5      | Reached * piety under Qazlal
  3545 | D:5      | Reached XP level 8. HP: 18/70 MP: 12/12
  3778 | D:6      | Upgraded the game from 0.25-a0-549-g6e6e6501ad to
                  | 0.25-a0-565-g8875c97ebb
  4382 | D:6      | Learned a level 3 spell: Call Canine Familiar
  4422 | D:6      | Reached ** piety under Qazlal
  4950 | D:7      | Reached skill level 5 in Summonings
  5186 | D:7      | Reached XP level 9. HP: 56/80 MP: 12/14
  5517 | D:7      | Reached skill level 5 in Unarmed Combat
  5643 | D:7      | Found a snail-covered altar of Cheibriados.
  5643 | D:7      | Found a basalt altar of Yredelemnul.
  5644 | D:7      | Found a radiant altar of Vehumet.
  5935 | D:8      | Found an opulent altar of Gozag.
  6028 | D:8      | Noticed a two-headed ogre
  6041 | D:8      | Killed a two-headed ogre
  6134 | D:8      | Reached skill level 5 in Spellcasting
  6156 | D:8      | Reached skill level 6 in Summonings
  6887 | D:9      | Reached *** piety under Qazlal
  6899 | D:9      | Reached XP level 10. HP: 52/91 MP: 12/16
  7229 | D:9      | Noticed a purple ugly thing
  8062 | D:9      | Killed a purple ugly thing
  8124 | D:9      | Found a staircase to the Orcish Mines.
  8134 | D:9      | Found a staircase to the Lair.
  8355 | D:9      | Found a hazy altar of Hepliaklqana.
  8356 | D:9      | Found a shimmering altar of Xom.
  8568 | D:10     | Entered Level 10 of the Dungeon
  8621 | D:10     | Reached skill level 5 in Air Magic
  8743 | D:10     | Reached **** piety under Qazlal
  8880 | D:10     | Noticed a two-headed ogre
  8983 | D:10     | Killed a two-headed ogre
  8983 | D:10     | Reached skill level 7 in Summonings
  9122 | D:10     | Found the amulet of Vitality {Regen+ HP+15}
  9193 | D:10     | Reached XP level 11. HP: 98/100 MP: 18/18
  9985 | D:11     | Killed an unseen horror
 10547 | Lair:1   | Entered Level 1 of the Lair of Beasts
 10567 | Lair:1   | Reached ***** piety under Qazlal
 10699 | Lair:1   | Found a radiant altar of Vehumet.
 11204 | Lair:1   | Found a dark tunnel.
 11211 | Volcano  | Entered a volcano
 11486 | Volcano  | Noticed a two-headed ogre
 11487 | Volcano  | Noticed a two-headed ogre
 11508 | Volcano  | Killed a two-headed ogre
 11603 | Volcano  | Killed a two-headed ogre
 11626 | Volcano  | Noticed a two-headed ogre
 11670 | Volcano  | Noticed a two-headed ogre
 11732 | Volcano  | Killed a two-headed ogre
 11732 | Volcano  | Reached skill level 8 in Summonings
 11805 | Volcano  | Killed a two-headed ogre
 11854 | Volcano  | Found a bloodstained altar of Trog.
 11884 | Volcano  | Reached XP level 12. HP: 25/107 MP: 21/21
 12223 | Volcano  | Noticed an ogre mage
 12245 | Volcano  | Killed an ogre mage
 12678 | Lair:2   | Noticed a five-headed hydra
 12683 | Lair:2   | HP: 4/122 [five-headed hydra (18)]
 12683 | Lair:2   | Slain by a five-headed hydra

Levels and vault maps discovered:
D:1:      psy_arrival_whirlpool, layout_rooms
D:2:      layout_basic, nemelex_xobeh_ov_fountains_minmay, uniq_robin
D:3:      layout_rooms, first_ration, grunt_qazlal_sundering, uniq_ijyb
D:4:      layout_loops_corners, serial_forest, infiniplex_forest_lined_2,
          infiniplex_forest_corner_1, infiniplex_forest_clump_tiny,
          infiniplex_forest_corner_2, infiniplex_forest_clump_tiny,
          infiniplex_forest_zigzag_1, infiniplex_forest_end_1,
          infiniplex_forest_diagonal
D:5:      layout_loops_cross, minmay_temple_entry_wispy,
          minmay_stone_trees_small, uniq_blork_the_orc
D:6:      minmay_evil_eye, layout_loops_corners, minmay_mini_ossuary
D:7:      layout_basic, gammafunk_temple_overflow_claw, abandoned_shop,
          grunt_livestock
D:8:      layout_gridville, nicolae_gozag_seed_capital
D:9:      layout_loops_ring, regret_index_temple_of_mockery,
          minmay_lair_entry_grove, orc_0_dummy, worms_lemuel
D:10:     layout_basic, nicolae_twisting_strands, serial_bayou_crossing
D:11:     layout_roguey, uniq_grum
Lair:1:   layout_long_grid, basic_altar, enter_volcano_3
Lair:2:   layout_roguey

Skill      XL: |  1  2  3  4  5  6  7  8  9 10 11 |
---------------+----------------------------------+-----
Summonings     | 3 4 5 6 7 8 |  8.2
Unarmed Combat | 1 2 3 4 5 6 7 |  7.3
Dodging        | 2 3 4 |  4.8
Spellcasting   | 2 3 4 5 6 |  6.8
Air Magic      | 1 2 4 5 6 |  6.4
Fighting       | 1 2 3 4 |  4.0
Stealth        | |  1.0

Action                   |  1- 3 |  4- 6 |  7- 9 | 10-12 || total
-------------------------+-------+-------+-------+-------++-------
Melee: Unarmed           |    95 |   217 |   391 |   658 ||  1361
       Punch             |       |     1 |     8 |    28 ||    37
       Flail             |       |       |       |     3 ||     3
 Cast: Call Imp          |     3 |     3 |    14 |     1 ||    21
       Call Canine Famil |       |       |    10 |    21 ||    31
       Summon Lightning  |       |       |       |    11 ||    11
Evoke: Wand              |       |       |       |     1 ||     1
  Use: Scroll            |       |     5 |     6 |     8 ||    19
       Potion            |       |       |       |     2 ||     2
 Stab: Distracted        |       |     1 |     1 |     3 ||     5
       Sleeping          |       |       |     1 |       ||     1
  Eat: Chunk             |    14 |    16 |    41 |    54 ||   125
Armor: Robe              |    30 |       |       |     2 ||    32
       Animal skin       |    12 |    69 |   121 |   155 ||   357
Dodge: Dodged            |    53 |   107 |   148 |   291 ||   599
       Deflected         |       |       |       |    14 ||    14
Block: Other             |       |       |    27 |   166 ||   193

Table legend:
 A = Non-vault XP
 B = Vault XP
 C = Vault XP percentage of total XP
 D = Non-vault monster count
 E = Vault monster count
 F = Vault count percentage of total count
                 A         B        C        D         E       F
            +---------+---------+-------+---------+---------+-------
      Total |   15670 |    7953 |  33.7 |     273 |      61 |  18.3
            +---------+---------+-------+---------+---------+-------
        D:1 |      44 |       0 |   0.0 |      19 |       0 |   0.0
        D:2 |      80 |      27 |  25.2 |      19 |      13 |  40.6
        D:3 |      35 |      22 |  38.6 |      13 |       1 |   7.1
        D:4 |     151 |       0 |   0.0 |      14 |       0 |   0.0
        D:5 |    1111 |     100 |   8.3 |      22 |       1 |   4.3
        D:6 |     716 |      28 |   3.8 |      25 |       8 |  24.2
        D:7 |     904 |     731 |  44.7 |      27 |       5 |  15.6
        D:8 |    1980 |     915 |  31.6 |      24 |       5 |  17.2
        D:9 |    1299 |    1263 |  49.3 |      22 |      10 |  31.2
       D:10 |    1851 |       0 |   0.0 |      27 |       0 |   0.0
       D:11 |    3475 |       0 |   0.0 |      41 |       0 |   0.0
     Lair:1 |    3716 |     290 |   7.2 |      19 |       2 |   9.5
     Lair:2 |     308 |       0 |   0.0 |       1 |       0 |   0.0
    Volcano |       0 |    4577 | 100.0 |       0 |      16 | 100.0
            +---------+---------+-------+---------+---------+-------
